 Dungeon Crawl Stone Soup version 0.28-a0-1213-g0243856f03 (webtiles) character file.

Game seed: 13816628368446682868

264 Redcow54321 the Poker (level 5, 0/45 HPs)
             Began as a Draconian Berserker on Dec 22, 2021.
             Was a Believer of Trog.
             Killed by nerve-wracking pain
             ... invoked by an orc priest
              (3 damage)
             ... on level 3 of the Dungeon.
             The game lasted 00:04:09 (2039 turns).

Redcow54321 the Poker (Draconian Berserker)         Turns: 2039, Time: 00:04:10

Health: 0/45       AC: 10    Str: 21    XL:     5   Next: 98%
Magic:  5/5        EV: 12    Int:  8    God:    Trog [**....]
Gold:   129        SH:  0    Dex: 10    Spells: 4/4 levels left

rFire   . . .      SeeInvis .   b - +0 spear (venom)
rCold   . . .      Faith    .   (no shield)
rNeg    . . .      Spirit   .   (armour unavailable)
rPois   .          Reflect  .   h - +1 hat
rElec   .          Harm     .   (no cloak)
rCorr   .          Rampage  .   (no gloves)
Will    .....                   (no boots)
Stlth   +.........              g - amulet of the acrobat
HPRegen 0.15/turn               d - +4 ring of protection
MPRegen 0.09/turn               (no ring)

@: flying
A: AC +5, unfitting armour, cold-blooded
a: Renounce Religion, Berserk, Trog's Hand


You were on level 3 of the Dungeon.
You worshipped Trog.
Trog was pleased with you.
You visited 1 branch of the dungeon, and saw 3 of its levels.

You collected 129 gold pieces.

Inventory:

Hand Weapons
 a - a +0 falchion
 b - a +0 spear of venom (weapon)
Armour
 h - a +1 hat (worn)
Jewellery
 d - a +4 ring of protection (left hand)
 g - an amulet of the acrobat (around neck)
Wands
 l - a wand of acid (11)
Scrolls
 e - 2 scrolls of enchant armour {unknown}
 f - 2 scrolls of identify {unknown}
 k - a scroll of enchant weapon {unknown}
 m - a scroll of fog {unknown}
 n - a scroll of amnesia {unknown}
Potions
 j - a potion of haste {unknown}


   Skills:
 - Level 3.2 Fighting
 - Level 3.2 Long Blades
 * Level 5.7 Polearms
 - Level 2.6 Dodging


You had 4 spell levels left.
You didn't know any spells.
Your spell library was empty.

Dungeon Overview and Level Annotations

Branches:
Dungeon (3/15)

Altars:


Innate Abilities, Weirdness & Mutations

Your plain brown scales are hard. (AC +5)
You cannot fit into any form of body armour.
You are cold-blooded and may be slowed by cold attacks.


Message History

The orc priest is severely wounded.
The orc priest hits you but does no damage.
The orc priest barely misses you.
You completely miss the orc priest.
The orc shouts!
Your tail-slap misses the orc priest.
The orc priest is severely wounded.
The orc priest closely misses you.
You hit the orc priest.
The orc priest looks even sicker.
The orc priest is almost dead.
You kill the orc priest!
Trog accepts your kill.
The orc priest calls down the wrath of Beogh upon you.
Beogh smites you! The orc priest misses you.
Things that are here:
a +0 hand axe; a +0 ring mail; 18 arrows The orc priest looks satisfied for a moment.
You reach to attack!
You hit the orc priest but do no damage.
The orc priest is poisoned.
The orc priest mumbles some strange prayers to Beogh against you.
Beogh smites you!
* * * LOW HITPOINT WARNING * * *
You are too injured to fight recklessly!
You are too injured to fight recklessly!
You are too injured to fight recklessly!
You are too injured to fight recklessly!
The orc sings a few bars from the Orcish anthem.
The orc priest mumbles some strange prayers to Beogh against you.
Beogh smites you!
* * * LOW HITPOINT WARNING * * *
It was a potion of magic.
Magic courses through your body. The orc priest completely misses you.
It was a potion of flight.
You feel very buoyant.
You fly up into the air.
The orc priest invokes the aid of Beogh against you.
Pain shoots through your body!
You die...

#.###.######.#
..###.######.#####
(................#
..###.######.###)#
### #.# #.# #.#
#.# #.# #.# #.#
#.# #.# #.# ..#
#.# ..## ### #@#
## #.# #.# .. #o#
#####.####o##
......{o).o.#
...#..o####.#
....... #.#
....... #.#
o...... #.#


You could see an orc priest (poisoned) and 2 orcs.

Vanquished Creatures
  A black bear (D:2)
  An orc priest (D:3)
  Natasha (D:2)
  An iguana (D:3)
  4 adders
  A gnoll (D:1)
  A worm (D:2)
  2 dart slugs
  An orc (D:3)
  7 bats
  2 endoplasms (D:1)
  A giant cockroach (D:3)
  3 goblins (D:1)
  4 hobgoblins
  2 jackals (D:1)
  5 quokkas
  3 ball pythons
  3 frilled lizards
  7 kobolds
  3 rats (D:1)
53 creatures vanquished.

Notes
Turn   | Place    | Note
-------+----------+-------------------------------------------
     0 | D:1      | Redcow54321 the Draconian Berserker began the quest for the
                  | Orb.
     0 | D:1      | Reached XP level 1. HP: 19/19 MP: 1/1
    96 | D:1      | Reached skill level 1 in Polearms
    96 | D:1      | Reached XP level 2. HP: 3/26 MP: 2/2
   444 | D:1      | Reached skill level 2 in Polearms
   657 | D:1      | Reached XP level 3. HP: 31/31 MP: 3/3
   785 | D:1      | You fall into a shaft and drop 1 floor!
   932 | D:2      | Reached ** piety under Trog
   935 | D:2      | Reached skill level 3 in Polearms
  1331 | D:2      | Noticed a black bear
  1349 | D:2      | Killed a black bear
  1350 | D:2      | Reached skill level 4 in Polearms
  1350 | D:2      | Reached XP level 4. HP: 20/38 MP: 4/4
  1520 | D:2      | Reached XP level 5. HP: 41/45 MP: 5/5
  1598 | D:2      | Noticed Natasha
  1607 | D:2      | Killed Natasha
  1801 | D:3      | Reached skill level 5 in Polearms
  2033 | D:3      | HP: 2/45 [orc priest/divine providence (11)]
  2039 | D:3      | Killed from afar by an orc priest

Illustrated notes

Levels and vault maps discovered:
D:1:      enne_arrival_octagon_isle, layout_basic
D:2:      layout_basic, uniq_natasha
D:3:      cheibrodos_pilgrimage, layout_loops_ring

Skill      XL: |  1  2  3  4  5 |
---------------+----------------+-----
Polearms       | 1 2 4 5 |  5.7
Fighting       | |  3.2
Long Blades    | |  3.2
Dodging        | |  2.6

Action                   |  1- 3 |  4- 6 || total
-------------------------+-------+-------++-------
Melee: Spear             |   102 |    60 ||   162
       Falchion          |     8 |       ||     8
       Tailslap          |    14 |     3 ||    17
  Use: Potion            |       |     2 ||     2
 Stab: Sleeping          |     1 |     1 ||     2
Armor: Skin              |    27 |    15 ||    42
Dodge: Dodged            |    54 |    25 ||    79

Table legend: (Time is in decaauts)
 A = Elapsed time spent in this place.
 B = Non-inter-level travel time spent in this place.
 C = Inter-level travel time spent in this place.
 D = Time resting spent in this place.
 E = Time spent auto-exploring this place.
 F = Levels seen in this place.
 G = Mean time per level.
                   A        B        C        D        E       F      G
               +--------+--------+--------+--------+--------+-----+--------+
         Total |   2027 |   2023 |      4 |      0 |   1645 |   3 |  675.7 |
       Dungeon |   2027 |   2023 |      4 |      0 |   1645 |   3 |  675.7 |
               +--------+--------+--------+--------+--------+-----+--------+

Top non-repeatable levels by time:
     D:2: 922 daAuts
     D:1: 785 daAuts
     D:3: 319 daAuts
